[Event "Early-Titled-Tuesday-Blitz-February-20-2024"]
[Site "Chess.com"]
[Date "2024.02.20"]
[Round "2"]
[White "fugadelafuga"]
[Black "Truequitos"]
[Result "1-0"]
[WhiteElo "2349"]
[BlackElo "2556"]
[TimeControl "180+1"]
[EndTime "8:18:09 PST"]
[Termination "fugadelafuga won on time"]

1. e4 e6 2. d4 d5 3. exd5 exd5 4. h3 Bd6 5. Nf3 Bf5 6. c4 c6 7. Nc3 Ne7 8. Be2 O-O 9. O-O Re8 10. cxd5 cxd5 11. Qb3 Qb6 12. Qxb6 axb6 13. Bg5 f6 14. Be3 Nbc6 15. Nb5 Bb8 16. a3 Nc8 17. Nh4 Bd7 18. Bf3 Be6 19. g4 Nd6 20. Nxd6 Bxd6 21. Nf5 Bf8 22.
Rfe1 g6 23. Ng3 Na5 24. Ne2 Bf7 25. Nc3 Red8 26. Bf4 Rac8 27. Na4 b5 28. Nc3 Nb3 29. Rad1 b4 30. Na4 bxa3 31. bxa3 Rc4 32. Nb6 Rxd4 33.
Bc7 Re8 34. Rxe8 Bxe8 35. Bxd5+ Rxd5 36. Nxd5 Kg7 37. Bd8 f5 38. Rb1 Nc5 39. Be7 Bc6 40. Bxf8+ Kxf8 41. Ne3 Be4 42. Rb5 Nd3 43. gxf5 gxf5 44.
Nxf5 Nf4 45. Kh2 Nd5 46. Ne3 Nc3 47. Rb4 Bf3 48. Rf4+ 1-0

[Event "Early-Titled-Tuesday-Blitz-February-20-2024"]
[Site "Chess.com"]
[Date "2024.02.20"]
[Round "2"]
[White "Sjakkerntobi"]
[Black "NM_Antelacus"]
[Result "1/2-1/2"]
[WhiteElo "2500"]
[BlackElo "2251"]
[TimeControl "180+1"]
[EndTime "8:18:11 PST"]
[Termination "Game drawn - insufficient material"]

1. e4 c5 2. Nf3 Nc6 3. Bb5 g6 4.
Bxc6 dxc6 5. d3 Bg7 6. h3 Nf6 7. O-O O-O 8. Nc3 Ne8 9. a4 b6 10. a5 Bb7 11. Be3 Nc7 12. Nd2 e5 13. f4 exf4 14.
Bxf4 Ne6 15. Be3 Nd4 16. Bf4 Ne6 17. Bg3 Rc8 18. axb6 axb6 19. Ra7 Ba8 20. Nc4 Nd4 21.
Nd6 Rc7 22. Rxc7 Qxc7 23. Nf5 Be5 24. Bxe5 Qxe5 25. Ne3 b5 26. Ng4 Qe7 27. Nf6+ Kg7 28. Ne2 Bb7 29. Nxd4 cxd4 30. Qd2 h6 31. Ng4 Qg5 32.
Qxg5 hxg5 33. Ne5 c5 34. Ra1 Ra8 35. Rxa8 Bxa8 36. b3 f5 37. exf5 gxf5 38. Nd7 c4 39. dxc4 bxc4 40. Nb6 cxb3 41. cxb3 Bb7 42. Nc4 Kf7 43.
Kf2 Ke6 44. g3 Bd5 45. Nd2 f4 46. gxf4 gxf4 47. Ke2 Ke5 48. b4 Bc6 49. h4 Kf5 50. Kd3 Kg4 51. Kxd4 Kxh4 52. Kc5 Be8 53. Kd4 Kg3 54.
Ke4 Bc6+ 55. Kd4 f3 56. Kc5 Be8 57. Nxf3 Kxf3 58. b5 Bxb5 1/2-1/2

[Event "Early-Titled-Tuesday-Blitz-February-20-2024"]
[Site "Chess.com"]
[Date "2024.02.20"]
[Round "2"]
[White "Iskusnyh"]
[Black "Grischuk"]
[Result "0-1"]
[WhiteElo "2675"]
[BlackElo "3107"]
[TimeControl "180+1"]
[EndTime "8:18:12 PST"]
[Termination "Grischuk won on time"]

1. d4 e6 2. c4 b6 3. Nf3 Bb7 4. g3 Bb4+ 5. Nc3 Bxc3+ 6. bxc3 f5 7. Bg2 Nf6 8. O-O O-O 9. a4 Be4 10. a5 Nc6 11. axb6 axb6 12. Bf4 Na5 13. Qa4 h6 14. c5 bxc5 15. dxc5 Nd5 16. Bd2 Nc6 17. Qd1 Qe7 18. c4 Nf6 19. Be3 Ng4 20. Qd2 Nxe3 21. Qxe3 Qf6 22. Rad1 Rf7 23. Nd4 Bxg2 24. Kxg2 Nxd4 25. Rxd4 Re8 26. Rfd1 Ree7 27. R4d2 e5 28. Qf3 e4 29. Qf4 e3 30. fxe3 Qc6+ 31. Kf2 Qxc5 32. Rd5 Qc6 33. R1d4 Qe6 34. h4 Kh7 35. Rd3 Qc6 36.
R3d4 Kg8 37. h5 Re4 38. Qf3 Qe6 39. Kg2 Rxe3 40. Qf4 Rxe2+ 41. Kh3 Re4 42. Qf2 f4+ 0-1

[Event "Early-Titled-Tuesday-Blitz-February-20-2024"]
[Site "Chess.com"]
[Date "2024.02.20"]
[Round "2"]
[White "vovachesss"]
[Black "LeninGuerra"]
[Result "1-0"]
[WhiteElo "2823"]
[BlackElo "2568"]
[TimeControl "180+1"]
[EndTime "8:18:12 PST"]
[Termination "vovachesss won by checkmate"]

1. e4 c5 2. Nf3 e6 3. c3 d5 4.
e5 Nc6 5. d4 cxd4 6. cxd4 Nge7 7.
Na3 Nf5 8. Nc2 Be7 9. Bd3 O-O 10. O-O a6 11. Bf4 b6 12. Qd2 a5 13. Rfc1 Ba6 14.
Bxf5 exf5 15. Ne3 Bb4 16. Qc2 Rc8 17. Qxf5 Be2 18. Ng5 g6 19. Qh3 h5 20. Nf5 Be7 21. Nxe7+ Nxe7 22. Qe3 Bg4 23. h3 Be6 24. Nf3 Nf5 25.
Qd2 Qd7 26. Bg5 Rc6 27. Rxc6 Qxc6 28. Rc1 Qa4 29. Bf6 Qb4 30. Rc3 Rc8 31. g4 hxg4 32.
hxg4 Rxc3 33. bxc3 Qb1+ 34. Kh2 Qe4 35. Ng1 Qxg4 36. f3 Qh5+ 37. Kg2 Nh4+ 38. Kf2 Nf5 39.
Qf4 Qh6 40. Bg5 Qg7 41. Ne2 Qf8 42. Bf6 Qa3 43. Qh2 Ng7 44. Qh6 Qf8 45. Nf4 Bf5 46.
Nxd5 b5 47. Ne7+ Qxe7 48. Bxe7 Ne6 49. Bf6 Ng7 50. Qxg7# 1-0

[Event "Early-Titled-Tuesday-Blitz-February-20-2024"]
[Site "Chess.com"]
[Date "2024.02.20"]
[Round "2"]
[White "FontVella8"]
[Black "N_I_Chess"]
[Result "1/2-1/2"]
[WhiteElo "2704"]
[BlackElo "2296"]
[TimeControl "180+1"]
[EndTime "8:18:12 PST"]
[Termination "Game drawn by repetition"]

1. Nf3 Nf6 2. g3 d5 3. Bg2 Bf5 4. O-O e6 5. d3 Bd6 6. Nbd2 O-O 7.
Qe1 e5 8. e4 dxe4 9. Nh4 Bg6 10.
Nxg6 hxg6 11. Nxe4 Nxe4 12. Qxe4 c6 13. Bd2 Nd7 14. Bc3 Nc5 15. Qe2 Qc7 16. Rae1 Rae8 17.
h4 Na4 18. h5 Nxc3 19. bxc3 Re6 20. Bh3 Rf6 21. Kg2 Re8 22. hxg6 Rxg6 23. Bf5 Rg5 24.
Qe4 g6 25. Bh3 Rh5 26. Rh1 Kg7 27. Qe2 Reh8 28. Bg4 Rxh1 29. Rxh1 Rxh1 30. Kxh1 Qe7 31.
Kg2 Qg5 32. Bc8 Qe7 33. Bg4 f5 34. Bf3 Qe6 35. c4 Bc5 36. c3 Qd6 37. Kf1 Bb6 38. g4 Qc5 39. gxf5 gxf5 40. Bg2 Kf6 41. Qf3 Qa3 42. Bh3 Qc1+ 43. Kg2 Qg5+ 44. Kh1 Qc1+ 45. Kg2 Qg5+ 46. Kh2 Bc7 47. Kh1 Qc1+ 48. Kg2 Qg5+ 49.
Kf1 Qc1+ 50. Kg2 Qg5+ 51. Kf1 Qc1+ 52. Kg2 1/2-1/2

[Event "Early-Titled-Tuesday-Blitz-February-20-2024"]
[Site "Chess.com"]
[Date "2024.02.20"]
[Round "2"]
[White "Chessdude1987"]
[Black "aistrel"]
[Result "0-1"]
[WhiteElo "2314"]
[BlackElo "2537"]
[TimeControl "180+1"]
[EndTime "8:18:12 PST"]
[Termination "aistrel won on time"]

1. e4 c6 2. d4 d5 3. e5 Bf5 4.
Nd2 e6 5. Ne2 c5 6. c4 Nc6 7.
cxd5 Qxd5 8. Ng3 cxd4 9. Nxf5 Qxe5+ 10. Be2 Qxf5 11. O-O Nf6 12. Nf3 e5 13. Re1 Bd6 14. Bd3 e4 15. Ng5 O-O 16. Nxe4 Rfe8 17. Nxf6+ Qxf6 18. Bd2 Ne5 19. Be4 Qh4 20. g3 Qh3 21. Bg2 Qf5 22. Bf4 Bb4 23. Re4 Ng6 24. Rxd4 Re1+ 25. Qxe1 Bxe1 26. Rxe1 Nxf4 27. Rxf4 Qc5 28. Bd5 Qxd5 29.
Rfe4 h6 30. Re7 Rd8 31. Rc7 Rd7 32. Rc8+ Kh7 33. h4 Qf3 34. Rcc1 Rd2 35. Rf1 Rxb2 36. Ra1 Qe2 37. a4 g5 38. hxg5 hxg5 39. a5 Kg6 40. Kg2 g4 41. Kg1 Rb5 42. a6 b6 43. Rfe1 Qf3 44.
Rac1 Rh5 45. Rc6+ Qxc6 46. Re6+ fxe6 47. Kf1 Qe4 0-1

[Event "Early-Titled-Tuesday-Blitz-February-20-2024"]
[Site "Chess.com"]
[Date "2024.02.20"]
[Round "2"]
[White "djano"]
[Black "Rud_Makarian"]
[Result "1/2-1/2"]
[WhiteElo "2680"]
[BlackElo "3079"]
[TimeControl "180+1"]
[EndTime "8:18:15 PST"]
[Termination "Game drawn by repetition"]

1. e4 c5 2. Nc3 Nc6 3. Bb5 e6 4. Bxc6 bxc6 5. d3 d5 6. f4 Nf6 7.
Nf3 c4 8. e5 Ng4 9. d4 c5 10.
O-O Nh6 11. Ne2 Nf5 12. c3 cxd4 13. Nexd4 Bc5 14. Kh1 O-O 15. Nxf5 exf5 16. Nd4 Qb6 17. Rb1 Bxd4 18. Qxd4 Qxd4 19. cxd4 Rb8 20. Bd2 Ba6 21. Bc3 h6 22. Rfe1 Rb6 23. Kg1 Bc8 24. Re2 Be6 25. Kf2 Kh7 26. Rbe1 g5 27. g3 Kg6 28. h4 Rbb8 29.
Rh1 gxf4 30. gxf4 Kh5 31. Ree1 Rg8 32. Reg1 Rg4 33. Rxg4 fxg4 34. Kg3 Kg6 35. Re1 Kf5 36. Re2 Rb6 37. Re1 h5 38. Re2 Ra6 39. a3 Rb6 40.
Re1 Bd7 41. Re2 Re6 42. Re1 Ba4 43. Rf1 Bc2 44. Re1 Bd3 45. Re3 Be4 46. Re1 Rb6 47. Re2 Ke6 48. Bb4 Kd7 49. Bc3 Bf5 50. Re1 Kc6 51.
a4 Ra6 52. a5 Kb5 53. Ra1 Rc6 54. Ra3 a6 55. Ra1 Rc8 56. Ra3 Rb8 57. Kf2 Kc6 58. Kg3 Be4 59. Ra1 Bg6 60. Rf1 Bf5 61. Ra1 Rb3 62. Ra2 Kb5 63. Ra1 Kc6 64. Ra2 Rb8 65. Ra1 Kd7 66. Ra4 Kc6 67. Ra1 1/2-1/2

[Event "Early-Titled-Tuesday-Blitz-February-20-2024"]
[Site "Chess.com"]
[Date "2024.02.20"]
[Round "2"]
[White "Oleksandr_Bortnyk"]
[Black "chess94cu"]
[Result "1-0"]
[WhiteElo "3068"]
[BlackElo "2668"]
[TimeControl "180+1"]
[EndTime "8:18:15 PST"]
[Termination "Oleksandr_Bortnyk won on time"]

1. e4 c5 2. c3 Nf6 3. e5 Nd5 4. d4 cxd4 5. Nf3 Nc6 6. cxd4 e6 7. Bd3 d6 8. O-O Be7 9. Nc3 Nxc3 10. bxc3 dxe5 11. dxe5 O-O 12. Qe2 Qa5 13. Qe4 g6 14.
Bh6 Rd8 15. c4 Bd7 16. Qf4 Be8 17. Be4 Rac8 18. Rad1 Qa4 19. Rxd8 Rxd8 20. Bxc6 Qxc6 21. Ng5 b5 22. cxb5 Qxb5 23. h4 Qe2 24. Ne4 Bb5 25. Nf6+ Kh8 26. Rc1 Rd1+ 27. Rxd1 Qxd1+ 28. Kh2 Qd8 29. Ne4 Be8 30. Bg5 Bxg5 31. hxg5 Qe7 32. Nd6 Kg7 33.
Qf6+ Qxf6 34. gxf6+ Kf8 35. g4 h6 36. f4 Bc6 37. a3 Bf3 38. Kg3 Bd5 39. Kf2 Bb3 40. Nb5 a5 41. Nd6 a4 42. Kg3 Bd1 43. f5 gxf5 44. gxf5 exf5 45. Nxf5 h5 46. Kh4 Ke8 47. Nd6+ Kd7 48. Nxf7 Ke6 49. Ng5+ Kd7 50.
e6+ Kd6 51. f7 Ke7 52. Nh7 1-0

[Event "Early-Titled-Tuesday-Blitz-February-20-2024"]
[Site "Chess.com"]
[Date "2024.02.20"]
[Round "2"]
[White "ARMQUEEN"]
[Black "Fighterman91"]
[Result "0-1"]
[WhiteElo "2477"]
[BlackElo "2765"]
[TimeControl "180+1"]
[EndTime "8:18:17 PST"]
[Termination "Fighterman91 won by resignation"]

1. e4 c5 2. Nc3 Nc6 3. Bb5 Nd4 4. Bc4 e6 5. Nge2 Nxe2 6. Qxe2 a6 7. a4 d6 8. O-O Nf6 9. d3 Be7 10. f4 O-O 11. Qf3 Bd7 12. e5 Bc6 13. Qg3 Nd5 14.
Ne4 Nb4 15. exd6 Bxd6 16. c3 Nd5 17. Bd2 Ne7 18. Qf2 b6 19. a5 b5 20. Ba2 Rc8 21.
Rae1 Bd5 22. Bb1 c4 23. d4 f5 24. Ng5 Rf6 25. Re3 h6 26. Nf3 Qxa5 27. Ne5 Bxe5 28.
fxe5 Rg6 29. Rg3 Rf8 30. Rxg6 Nxg6 31. Qg3 Kh7 32. h4 Qd8 33. h5 Ne7 34. Bc2 Be4 35. Bxe4 fxe4 36. Re1 Nd5 37. Qg6+ Kh8 38. Bxh6 Qe7 39.
Rxe4 Qf7 40. Qg5 Kh7 41. Bxg7 Qxg7 42. Qh4 Rg8 43. Re2 Qg5 44. Qe4+ Kh6 45. Qf3 Qg4 46. Qf2 Nf4 47. Rd2 Nh3+ 0-1

[Event "Early-Titled-Tuesday-Blitz-February-20-2024"]
[Site "Chess.com"]
[Date "2024.02.20"]
[Round "2"]
[White "Iball95"]
[Black "averageFM"]
[Result "1/2-1/2"]
[WhiteElo "2890"]
[BlackElo "2604"]
[TimeControl "180+1"]
[EndTime "8:18:18 PST"]
[Termination "Game drawn by stalemate"]

1. e4 c6 2. d4 d5 3. exd5 cxd5 4. c4 Nf6 5. Nc3 Nc6 6. Nf3 Bg4 7. cxd5 Nxd5 8. h3 Bxf3 9. Qxf3 e6 10. Bb5 Be7 11. O-O O-O 12. Nxd5 Qxd5 13. Qxd5 exd5 14. Be3 Bf6 15. Rfd1 Rac8 16. Rac1 h6 17. Kf1 a6 18. Be2 Rfe8 19. Bf3 Ne7 20. Bg4 Rxc1 21. Rxc1 Nc6 22. Bd7 Rb8 23. Bxc6 bxc6 24. Rxc6 Rxb2 25. Rxa6 Rb4 26. Ra5 Bxd4 27. Rxd5 Rb1+ 28. Ke2 Rb2+ 29. Kf3 Bxe3 30. Kxe3 Rxa2 31. h4 g6 32. h5 gxh5 33.
Rxh5 Kg7 34. Rc5 Ra3+ 35. Kf4 Ra2 36. Kg3 Ra3+ 37. f3 Ra6 38. Kh4 Rg6 39. g4 Rf6 40. Kg3 Re6 41. Rf5 Rc6 42. Kh4 Ra6 43. Rb5 Rc6 44. f4 Rc1 45. Rb4 Rh1+ 46. Kg3 Rg1+ 47.
Kf3 Rf1+ 48. Ke4 Rg1 49. Kf5 Rc1 50. Rb5 Rc6 51. Ke4 Re6+ 52. Re5 Ra6 53. Rd5 Ra4+ 54. Rd4 Ra6 55. f5 Kf6 56. Kf4 Ra1 57. Rd6+ Kg7 58. Rd4 Rf1+ 59. Ke5 Re1+ 60. Re4 Rd1 61. Rd4 Rxd4 62.
Kxd4 Kf6 63. Ke4 Kg5 64. Kf3 h5 65. gxh5 Kxf5 66. h6 Kg6 67. Kg4 Kxh6 68. Kf5 Kg7 69. Kg5 f6+ 70. Kf5 Kf7 71. Kf4 Ke6 72. Ke4 Ke7 73. Kf5 Kf7 74. Kf4 Kg8 75. Kf5 Kg7 76.
Kf4 Kg6 77. Kg4 f5+ 78. Kf4 Kf6 79. Kf3 Kg5 80. Kg3 Kh5 81. Kf4 Kg6 82. Kf3 Kg5 83. Kg3 f4+ 84. Kf3 Kf5 85. Kf2 Ke6 86. Kf3 Ke5 87. Kf2 Ke4 88. Ke2 f3+ 89. Kf2 Kf4 90. Kf1 Ke3 91. Ke1 Kd3 92. Kf2 Ke4 93. Kf1 Kd4 94.
Kf2 Ke4 95. Kf1 Kf5 96. Kf2 Kg4 97. Kf1 Kg3 98. Kg1 f2+ 99. Kf1 Kf3 1/2-1/2

[Event "Early-Titled-Tuesday-Blitz-February-20-2024"]
[Site "Chess.com"]
[Date "2024.02.20"]
[Round "2"]
[White "Kiborg95"]
[Black "CarlosjPineror"]
[Result "0-1"]
[WhiteElo "2816"]
[BlackElo "2584"]
[TimeControl "180+1"]
[EndTime "8:18:19 PST"]
[Termination "CarlosjPineror won by resignation"]

1. e4 c5 2. Nc3 e6 3. Nge2 Nc6 4. d4 cxd4 5. Nxd4 Qc7 6. Be3 a6 7. f4 d6 8. Nb3 Nf6 9. Bd3 Be7 10. O-O b5 11.
Qf3 Bb7 12. Qh3 h5 13. Kh1 Nb4 14. a3 Nxd3 15. cxd3 d5 16. e5 Ng4 17. Bd4 g6 18.
Rac1 Qd8 19. Ne2 Bc8 20. Bc5 d4 21. Bxe7 Qxe7 22. Na5 O-O 23. Nxd4 Qd8 24. Ndc6 Qd7 25. Qf3 Bb7 26. Nxb7 Qxb7 27. h3 Nh6 28. g4 hxg4 29. hxg4 Kg7 30. Rc5 Qd7 31. Kg2 Rh8 32. Rfc1 Rac8 33.
Kg3 Ng8 34. d4 Ne7 35. Nxe7 Qxe7 36. Rxc8 Qh4+ 37. Kg2 Qh2+ 38. Kf1 Rh3 39. Qf2 Qh1+ 40. Ke2 Qe4+ 41. Kd1 Rd3+ 42. Qd2 Rxd2+ 43. Kxd2 Qxd4+ 44. Kc2 Qxf4 45. Kb1 Qxe5 46. R8c7 Qe4+ 47. Ka1 Qe2 48. Ra7 Qxg4 49. Rf1 e5 50. Raxf7+ Kh6 51. Re7 Qe2 52. Rg1 g5 53. Re8 Kg7 54. Rxg5+ Kf6 55. Rg1 e4 56. Ra8 e3 57. Rxa6+ Ke5 58. Ra8 Qf2 59. Re8+ Kd6 60. Rc1 e2 61. Re4 Kd5 62. Re8 Qf1 63. Kb1 Qf5+ 64. Ka2 Qf2 65. Re7 Kd6 66. Re8 Qf7+ 67. Kb1 Qxe8 68. Re1 Qe3 69. Kc2 Kc5 70. b4+ Kc4 71. Kb2 Qd2+ 0-1

[Event "Early-Titled-Tuesday-Blitz-February-20-2024"]
[Site "Chess.com"]
[Date "2024.02.20"]
[Round "2"]
[White "Eagle_2019"]
[Black "LeoLV10"]
[Result "1-0"]
[WhiteElo "2869"]
[BlackElo "2508"]
[TimeControl "180+1"]
[EndTime "8:18:19 PST"]
[Termination "Eagle_2019 won by resignation"]

1. c4 c5 2. Nc3 Nc6 3. Nf3 g6 4. e3 Bg7 5. d4 d6 6. d5 Nb8 7.
e4 Nf6 8. Be2 O-O 9. Be3 e6 10.
Nd2 exd5 11. cxd5 Re8 12. O-O a6 13. a4 h5 14. f3 Nbd7 15. Nc4 Nb6 16. Nd2 Nbd7 17. a5 Ne5 18. h3 Qc7 19. f4 Ned7 20. Bf3 Rb8 21. Nc4 b5 22. axb6 Nxb6 23. Na5 Bd7 24. Qd2 Rbd8 25. Kh1 Rb8 26. Bf2 Bb5 27. Nxb5 axb5 28. Nc6 Ra8 29. Rxa8 Rxa8 30. e5 Ne8 31. f5 Nc4 32. Qe2 Nxe5 33. fxg6 fxg6 34. Nxe5 Bxe5 35. Be4 Qg7 36. Qxb5 Nf6 37. Bf3 Rf8 38. Qe2 Nh7 39. Bh4 Bxb2 40. Qe6+ Qf7 41. Qxd6 g5 42. Bf2 g4 43. hxg4 hxg4 44. Bxg4 Ng5 45. Qh6 Qf6 46.
Qxf6 Rxf6 47. Kg1 Ne4 48. Be3 c4 49. Be2 c3 50. Bd3 Rxf1+ 51. Kxf1 Nf6 52. Bd4 Nxd5 53.
Bc4 c2 54. Bxd5+ Kh7 55. Bxb2 Kh6 56. Be4 Kg5 57. Bxc2 Kg4 58. Kf2 Kh4 59. Kf3 Kg5 60. g3 Kh5 61. Kf4 Kh6 62. Bd1 Kg6 63. g4 Kh6 64. g5+ Kg6 65. Kg4 Kf7 66. Kf5 1-0

[Event "Early-Titled-Tuesday-Blitz-February-20-2024"]
[Site "Chess.com"]
[Date "2024.02.20"]
[Round "2"]
[White "santosalberto1987"]
[Black "kpio91"]
[Result "0-1"]
[WhiteElo "2595"]
[BlackElo "2895"]
[TimeControl "180+1"]
[EndTime "8:18:21 PST"]
[Termination "kpio91 won by resignation"]

1. e4 d5 2. exd5 Qxd5 3. Nf3 Nf6 4. d4 g6 5. Be2 Bg7 6. O-O O-O 7. c4 Qd8 8. Nc3 c6 9. Ne5 Nfd7 10. Bf4 Nxe5 11. Bxe5 Bh6 12. d5 cxd5 13. cxd5 Nd7 14. Bd4 Nf6 15.
Bf3 Bf5 16. Re1 Bg7 17. Qb3 Qd7 18. h3 h5 19. Qb5 Rfd8 20. Qxd7 Rxd7 21. Rad1 h4 22.
Bc5 Bf8 23. Be2 a6 24. Bf3 Rc8 25.
Bd4 b5 26. a3 Bg7 27. Be5 Ne8 28. Bxg7 Kxg7 29. Be4 Nd6 30. Bxf5 Nxf5 31. Re4 Rc5 32.
Rde1 a5 33. Kh2 Rb7 34. Rd1 b4 35. axb4 axb4 36. Na4 Rc2 37. Kg1 b3 38. Rd3 Nd6 39. Rxh4 Nc4 40. Nc5 Rb5 41. Nxb3 Nxb2 42. Rf3 Rxd5 43.
Rhf4 f5 44. Re3 e5 45. Rb4 e4 46. Re1 Kh6 47. Rb7 Nd3 48. Rf1 Rb2 49. Na5 Rxb7 50.
Nxb7 f4 51. Ra1 e3 52. fxe3 fxe3 53. Kf1 Re5 54. Ke2 Nf4+ 55. Kf3 e2 56. Re1 g5 57. g3 Nxh3 58. Rxe2 Ng1+ 0-1

[Event "Early-Titled-Tuesday-Blitz-February-20-2024"]
[Site "Chess.com"]
[Date "2024.02.20"]
[Round "2"]
[White "DuleMudule"]
[Black "ExtremeLearner"]
[Result "0-1"]
[WhiteElo "2844"]
[BlackElo "2588"]
[TimeControl "180+1"]
[EndTime "8:18:22 PST"]
[Termination "ExtremeLearner won on time"]

1. d4 Nf6 2. Bg5 d5 3. e3 c5 4.
Bxf6 gxf6 5. c4 Nc6 6. cxd5 Qxd5 7. Nc3 Qd6 8. d5 Ne5 9. f4 Ng6 10. Bb5+ Bd7 11. Ne4 Qb6 12. Bxd7+ Kxd7 13. Qa4+ Kd8 14. O-O-O f5 15. Ng5 Bg7 16. Nxf7+ Kc7 17. Rd2 Rhf8 18. Ng5 Rf6 19. Ne6+ Rxe6 20. dxe6 Rd8 21. Rd7+ Rxd7 22. Qxd7+ Kb8 23. Qd2 Nf8 24. Ne2 Nxe6 25. Nc3 c4 26. Rd1 a6 27. Kc2 Ka7 28. g3 Nc5 29. Qe2 Qb4 30. Rd4 Bxd4 31. exd4 Nd3 32. b3 Qa3 33. Nd1 cxb3+ 34. axb3 Nb4+ 35. Kd2 Qa2+ 36. Ke1 Qxb3 37. Qxe7 Nd3+ 38. Kd2 Qb4+ 39. Kxd3 Qxe7 40. Nc3 Qa3 41. d5 b5 42. Kd4 Qb4+ 43. Kd3 Qc4+ 44. Kd2 b4 45.
Nd1 Qxd5+ 46. Kc1 Qc4+ 47. Kb2 a5 48. Ne3 Qc3+ 0-1

[Event "Early-Titled-Tuesday-Blitz-February-20-2024"]
[Site "Chess.com"]
[Date "2024.02.20"]
[Round "2"]
[White "traviscottofficial"]
[Black "FARIZA2018"]
[Result "0-1"]
[WhiteElo "2761"]
[BlackElo "2561"]
[TimeControl "180+1"]
[EndTime "8:18:22 PST"]
[Termination "FARIZA2018 won by checkmate"]

1. c4 e6 2. Nc3 d5 3. Nf3 Nf6 4. b3 d4 5. Nb1 c5 6. g3 Nc6 7. Bg2 Bd6 8. O-O O-O 9. Bb2 e5 10.
d3 Bf5 11. Nbd2 Qd7 12. Re1 Rfe8 13. a3 a5 14. e3 Bxd3 15. e4 b5 16. cxb5 Bxb5 17.
Bf1 Bxf1 18. Kxf1 Qh3+ 19. Kg1 Ng4 20. Qe2 Re6 21. Qf1 Qh5 22. h3 Nf6 23. Kg2 Nd7 24. Qb5 Rh6 25. Rh1 Bf8 26. Bc1 Rd6 27. Nc4 Re6 28.
g4 Qg6 29. Nh4 Qxe4+ 30. Kh2 Rae8 31. Bd2 Qd5 32. Rhe1 e4 33. Bf4 Nde5 34. Nxe5 Nxe5 35. Bxe5 Qxe5+ 36. Kg2 e3 37. fxe3 dxe3 38. Qe2 Bd6 39. Kg1 Qg3+ 40. Qg2 Qxh4 41. Rad1 e2 42. Rd2 Qxe1+ 43.
Qf1 Qxf1# 0-1

[Event "Early-Titled-Tuesday-Blitz-February-20-2024"]
[Site "Chess.com"]
[Date "2024.02.20"]
[Round "2"]
[White "FLYD"]
[Black "shailendrabajpai"]
[Result "0-1"]
[WhiteElo "1864"]
[BlackElo "2412"]
[TimeControl "180+1"]
[EndTime "8:18:23 PST"]
[Termination "shailendrabajpai won on time"]

1. e4 c5 2. Nf3 d6 3. d4 cxd4 4. Nxd4 Nf6 5. Nc3 g6 6. Be3 Bg7 7. Qd2 O-O 8. f3 Nc6 9. O-O-O d5 10. exd5 Nxd5 11. Nxc6 bxc6 12. Bd4 e5 13. Bc5 Be6 14. Bc4 Qh4 15. Bxd5 cxd5 16. Bxf8 Rxf8 17. Kb1 Rb8 18. Nxd5 e4 19. c3 exf3 20. gxf3 Qc4 21. b3 Bxd5 22.
Qxd5 Qxc3 23. Qd8+ Rxd8 24. Rxd8+ Bf8 25. Rc1 Qxf3 26. Rcc8 Qh1+ 27. Kb2 Qxh2+ 28. Kb1 Qg1+ 29. Kb2 Qf2+ 30. Kb1 Kg7 31. Rxf8 h5 32. Rg8+ Kh6 33. Rh8+ Kg5 34. Rhd8 h4 35. Rd5+ f5 36. Rc1 h3 37.
Rc2 Qf1+ 38. Rc1 Qg2 39. Rdd1 h2 40. b4 f4 41. b5 f3 42. a4 f2 43. a5 Qe4+ 44.
Ka1 Qa4+ 45. Kb2 Qxb5+ 46. Kc3 Qxa5+ 47. Kd3 Qe5 48. Rf1 Qg3+ 49. Ke2 Kh4 50. Rxf2 Qg4+ 51. Ke3 Qg5+ 52. Rf4+ Kg3 53. Rf1 h1=Q 0-1

[Event "Early-Titled-Tuesday-Blitz-February-20-2024"]
[Site "Chess.com"]
[Date "2024.02.20"]
[Round "2"]
[White "Aslanov_Umid"]
[Black "wonderfultime"]
[Result "0-1"]
[WhiteElo "2666"]
[BlackElo "3067"]
[TimeControl "180+1"]
[EndTime "8:18:24 PST"]
[Termination "wonderfultime won by checkmate"]

1. e4 e5 2. Nf3 Nc6 3. Bc4 Bc5 4. O-O Nf6 5. d3 d6 6. c3 a6 7. Nbd2 Ba7 8. a4 O-O 9. h3 Be6 10. Bxe6 fxe6 11. Re1 Nh5 12. Nf1 Qf6 13. Be3 Nf4 14.
Bxf4 Qxf4 15. Qd2 Qf6 16. Ne3 Rf7 17. Ng4 Qe7 18. Qg5 Kh8 19. b4 Qf8 20. b5 Ne7 21. d4 exd4 22. cxd4 Ng6 23. Qe3 e5 24. Ng5 Re7 25.
bxa6 Bxd4 26. axb7 Bxe3 27. bxa8=Q Qxa8 28. Rxe3 h6 29. Nf3 Qa5 30. Rb3 c6 31. Ne3 Ra7 32. Nc4 Qc5 33. Nfd2 Nf4 34. a5 d5 35. exd5 cxd5 36. Nxe5 Rxa5 37. Rxa5 Qxa5 38. Ndf3 d4 39. Rb8+ Kh7 40.
Rf8 Ne2+ 41. Kh2 Qc7 42. g3 Qc1 43. Rd8 Qf1 44. Ng4 d3 45. Rd7 Kg8 46. Rd8+ Kf7 47. Nfe5+ Ke7 48. Rd7+ Ke6 49. Rd6+ Kxd6 50. Ne3 Qg1# 0-1

[Event "Early-Titled-Tuesday-Blitz-February-20-2024"]
[Site "Chess.com"]
[Date "2024.02.20"]
[Round "2"]
[White "DefiantChair"]
[Black "carokannlover213"]
[Result "1-0"]
[WhiteElo "2591"]
[BlackElo "2847"]
[TimeControl "180+1"]
[EndTime "8:18:24 PST"]
[Termination "DefiantChair won on time"]

1. e4 e6 2. d4 d5 3. Nd2 Be7 4. c3 c5 5. dxc5 Nf6 6. exd5 Qxd5 7. Nb3 Qxd1+ 8. Kxd1 Ne4 9. Be3 O-O 10. f3 Nf6 11. Nh3 e5 12. Nf2 a5 13. a4 Be6 14. Kc2 Nbd7 15. Nd3 Rfc8 16. Be2 Bf5 17. Rad1 Bxc5 18. Nxc5 Nxc5 19. Kc1 Nxa4 20. Nxe5 Nxc3 21. bxc3 Rxc3+ 22. Kd2 Rc2+ 23. Ke1 Re8 24. f4 Nd7 25.
Bb5 f6 26. Bc4+ Kf8 27. Rxd7 Rxc4 28. Nxc4 Bxd7 29. Kf2 Rc8 30. Nxa5 Rc2+ 31. Kf3 Ra2 32. Bb6 Rb2 33. Bc5+ Kf7 34. Rd1 Ba4 35. Rd6 Rc2 36. Bb6 h5 37. Nxb7 Bc6+ 38. Rxc6 Rxc6 39. Nd8+ Ke7 40. Nxc6+ Kd6 41. Nd4 g6 42. f5 g5 43.
Ke4 Ke7 44. Kd5 Kf7 45. Kd6 g4 46. Bd8 Kg7 47. Ke6 Kh6 48. Bxf6 h4 49. Bxh4 Kh5 50.
Bg3 Kg5 51. f6 Kg6 52. f7 Kh5 53. f8=Q Kg5 54. Bf4+ Kg6 55. Qf5+ 1-0

[Event "Early-Titled-Tuesday-Blitz-February-20-2024"]
[Site "Chess.com"]
[Date "2024.02.20"]
[Round "2"]
[White "Mesa_1"]
[Black "ilqar_74"]
[Result "0-1"]
[WhiteElo "2571"]
[BlackElo "2841"]
[TimeControl "180+1"]
[EndTime "8:18:24 PST"]
[Termination "ilqar_74 won by checkmate"]

1. Nf3 Nf6 2. c4 e6 3. Nc3 d5 4. d4 Bb4 5. e3 O-O 6. Bd2 a6 7. Rc1 dxc4 8. Bxc4 b5 9. Bd3 Bb7 10. O-O Nbd7 11. Qe2 c5 12. a3 Bxc3 13. bxc3 c4 14. Bb1 Ne4 15. Be1 Qe7 16. Qb2 Nb6 17. Bxe4 Bxe4 18.
Nd2 Bd3 19. f3 Bxf1 20. Nxf1 e5 21. e4 Na4 22. Qa2 exd4 23. cxd4 Rfd8 24. d5 c3 25. Ne3 Rac8 26. Nf5 Qc5+ 27. Bf2 Qc4 28. Qc2 Rd7 29.
Bd4 f6 30. h4 h6 31. Qf2 c2 32. Qg3 Qd3 33. Kh2 Qxa3 34. Be3 Kh8 35. Qg6 Qf8 36. Bd4 Qf7 37. Qg4 Kh7 38. Nd6 Rxd6 39. Qf5+ Qg6 40.
Qxc8 Qh5 41. Qxc2 Qxh4+ 42. Kg1 Kh8 43. Qc8+ Kh7 44. Qf5+ Kg8 45. Rc8+ Kf7 46. Rc7+ Kg8 47. Bf2 Qg5 48. Qc8+ Kh7 49. Rd7 Rxd7 50. Qxd7 Nc3 51. Qe6 Ne2+ 52. Kf1 Nf4 53. Qc6 Qxg2+ 54. Ke1 Qxf3 55.
d6 Qe2# 0-1

[Event "Early-Titled-Tuesday-Blitz-February-20-2024"]
[Site "Chess.com"]
[Date "2024.02.20"]
[Round "2"]
[White "Lion-Al-Messi"]
[Black "hsd2016"]
[Result "0-1"]
[WhiteElo "2540"]
[BlackElo "2341"]
[TimeControl "180+1"]
[EndTime "8:18:24 PST"]
[Termination "hsd2016 won by resignation"]

1. e4 c5 2. Nf3 g6 3. d4 cxd4 4. Qxd4 Nf6 5. e5 Nc6 6. Qa4 Nd5 7. Qe4 Nc7 8. Nc3 Bg7 9. Bf4 Ne6 10. Bg3 Qa5 11.
O-O-O O-O 12. h4 Nc5 13. Qe3 Na4 14. Nxa4 Qxa4 15. a3 d6 16. h5 Bf5 17. Bd3 Bxd3 18.
Rxd3 Rac8 19. hxg6 hxg6 20. Rh4 Nb4 21. Rd2 Nxc2 22.
Qc3 Nb4 23. axb4 Rxc3+ 24. bxc3 Rc8 25. Kb2 dxe5 26. Bxe5 Qc6 27. Bxg7 Kxg7 28. Rd3 a5 29.
Re3 axb4 30. Rxb4 e6 31. g3 Ra8 32. Nd4 Qd5 33. Rb3 Qg2 34. Re2 Qd5 35. Rd2 Qa5 36. Kc2 e5 37. Ne2 Qa2+ 38. Rb2 Qa4+ 39. Rb3 Rc8 40.
Nc1 Rc6 41. Kb2 Ra6 42. Re2 Qa1+ 43. Kc2 Ra5 44. f4 exf4 45. gxf4 Rc5 46. Rb2 b5 47.
Nb3 Qa4 48. Re3 b4 49. Rd3 bxc3 50. Rxc3 Qe4+ 51. Kd2 Qxf4+ 52. Kd3 Qf3+ 53. Kd2 Qxc3+ 54. Ke2 Qxb2+ 55. Ke3 Qxb3+ 0-1